 Dungeon Crawl Stone Soup version 0.20.0-8-g6b59dc7 (webtiles) character file.

16583 Monsterracer the Basher (level 12, -6/75 HPs)
             Began as a Gargoyle Summoner on June 2, 2017.
             Was a High Priest of Okawaru.
             Mangled by a death yak (18 damage)
             ... led by a torpor snail
             ... on level 2 of the Lair of Beasts.
             The game lasted 00:42:14 (15562 turns).

Monsterracer the Basher (Gargoyle Summoner)        Turns: 15562, Time: 00:42:15

Health: -6/75      AC: 22    Str: 17    XL:     12   Next: 39%
Magic:  10/16      EV: 17    Int: 16    God:    Okawaru [*****.]
Gold:   509        SH:  0    Dex: 10    Spells: 1/15 levels left

rFire    . . .     SeeInvis .   y - +4 dire flail (protect)
rCold    + . .     Gourm    .   (shield currently unavailable)
rNeg     + . .     Faith    .   H - +1 leather armour {MR+}
rPois    ∞         Spirit   .   (no helmet)
rElec    +         Reflect  .   o - +1 cloak
rCorr    +         Harm     .   A - +2 pair of gloves of the Sea {Stlth+}
MR       +....                  p - +0 pair of boots
Stlth    ++++......             (no amulet)
Regen    0.3/turn               m - ring of protection from cold
MPRegen  0.2/turn               D - ring of resist corrosion

@: about to teleport, heroism
A: negative energy resistance 1, electricity resistance, unbreathing,
petrification resistance, rot immunity, AC +8
a: Heroism, Finesse, Renounce Religion


You were on level 2 of the Lair of Beasts.
You worshipped Okawaru.
Okawaru was extremely pleased with you.
You were not hungry.

You visited 3 branches of the dungeon, and saw 13 of its levels.
You also visited: Sewer.

You collected 509 gold pieces.

Inventory:

Hand Weapons
 y - a +4 dire flail of protection (weapon)
 F - a +0 morningstar
Missiles
 q - 6 throwing nets (quivered)
Armour
 o - a +1 cloak (worn)
 p - a +0 pair of boots (worn)
 z - a +0 buckler
 A - the +2 pair of gloves of the Sea (worn) {Stlth+}
   (You found it on level 9 of the Dungeon)

   It makes you more stealthy.
 B - a +2 ring mail of cold resistance
 H - a +1 leather armour of magic resistance (worn)
Jewellery
 m - a ring of protection from cold (left hand)
 D - a ring of resist corrosion (right hand)
Wands
 n - a wand of acid (5/15)
 C - a wand of scattershot (4/9)
Scrolls
 b - a scroll of recharging
 d - 2 scrolls of blinking
 e - a scroll of enchant weapon
 g - 7 scrolls of remove curse
 i - 6 scrolls of identify
 k - 2 scrolls of immolation
 r - 9 scrolls of teleportation
 w - 3 scrolls of magic mapping
 x - a scroll of fear
 G - a scroll of fog
Potions
 a - 2 potions of ambrosia
 j - 4 potions of flight
 l - 2 potions of agility
 s - 3 potions of haste
 t - 4 potions of curing
 u - a potion of brilliance
 v - 2 potions of heal wounds
Comestibles
 c - 14 bread rations
 f - 6 royal jellies
 h - 5 meat rations
 E - a fruit


   Skills:
 + Level 8.9(13.9) Fighting
 * Level 12.5(17.5) Maces & Flails
 + Level 8.1(13.1) Armour
 + Level 6.7(11.7) Dodging
 - Level 2.1(7.1) Stealth
 - Level 2.0 Spellcasting
 + Level 4.0 Charms
 - Level 3.6 Summonings
 + Level 6.1 Invocations


You had one spell level left.
You knew the following spells:

 Your Spells              Type           Power        Failure   Level  Hunger
a - Apportation           Tloc           #.....       24%         1    #......
b - Shroud of Golubria    Chrm/Tloc      #.........   16%         2    ###....
c - Song of Slaying       Chrm           ##......     7%          2    ###....
d - Spectral Weapon       Hex/Chrm       #.......     30%         3    ###....
e - Regeneration          Chrm/Necr      #.........   30%         3    ###....
f - Summon Small Mammal   Summ           ##..         5%          1    #......
s - Call Imp              Summ           ##......     9%          2    ###....


Dungeon Overview and Level Annotations

Branches:
Dungeon (10/15)            Temple (1/1) D:5            Lair (2/6) D:8
 Spider (0/4) Lair:2
  Swamp: Lair:2-4    Shoals: Lair:2-4       Orc: D:9-12

Altars:
Ashenzari
Cheibriados
Dithmenos
Elyvilon
Fedhas
Gozag
Hepliaklqana
Kikubaaqudgha
Makhleb
Nemelex Xobeh
Okawaru
Qazlal
Ru
Sif Muna
Trog
Uskayaw
Vehumet
Xom
Yredelemnul
Zin
The Shining One

Shops:
D:10 :


Innate Abilities, Weirdness & Mutations

You are resistant to torment.
Your stone body is resilient. (AC +8)
You are immune to poison.
You resist negative energy. (rN+)
You are resistant to electric shocks. (rElec)
You can survive without breathing.
You are immune to petrification.
You are immune to rotting.


Message History

The death yak gores you.
Casting: Spectral Weapon
Confirm with . or Enter, or press ? or * to list all spells.
Space distorts slightly along a thin shroud covering your body.
The komodo dragon barely misses you. The death yak gores you!!
Your shroud falls apart!
You hit the death yak.
The death yak is moderately wounded.
Your spectral weapon hits the death yak!
The komodo dragon bites you!!
* * * LOW HITPOINT WARNING * * *
The death yak closely misses you.
The death yak gores your spectral weapon!
Your spectral weapon shares its damage with you!
Your spectral weapon fades away.
* * * LOW HITPOINT WARNING * * *
As you read the scroll of teleportation, it crumbles to dust.
You feel strangely unstable. The death yak gores you!!
You die...

##........(............
#.........†............
#......P###.P##.#..#..
##......#######.##...#.
#P........###P......^..
##..................^..
#..................^^^.
##...lY..}......^..^^^^
#....@.........^^^..^.
#..............^....>^
#...|..........^.^.^^.
#..................^^.
#.................^^^^
##..............=.^.^.^
#......................
#...........P#..#.#####
#P..........#######


You could see a death yak and a komodo dragon.

Vanquished Creatures
  Fannar (Lair:2)
  3 two-headed ogres
  3 hydras
  A centaur warrior (D:10)
  The ghost of melvinkitnick the Cruncher, a novice TeGl of Vehumet (D:5)
  3 elephants (Lair:2)
  2 black mambas
  A torpor snail (Lair:2)
  A spiny frog (Lair:1)
  A komodo dragon (Lair:2)
  3 hippogriffs
  Sigmund (D:6)
  A wyvern (D:9)
  6 yaks
  Edmund (D:5)
  3 porcupines
  3 water moccasins
  An orc warrior (D:8)
  An ice beast (D:8)
  3 sky beasts
  A necrophage (D:10)
  A phantom (D:8)
  6 ogres
  A black bear (D:8)
  A crocodile (D:8)
  5 centaurs
  5 wolves (Lair:1)
  3 big kobolds (Sewer)
  4 bullfrogs
  A wyvern zombie (D:10)
  A gnoll sergeant (D:8)
  4 scorpions
  A wyvern skeleton (D:9)
  10 killer bees
  5 howler monkeys
  A bullfrog zombie (D:9)
  3 crimson imps
  A quasit (D:10)
  2 centaur zombies
  2 hounds
  A gnoll shaman (D:8)
  2 orc priests
  A jelly (D:8)
  A bullfrog skeleton (D:6)
  An orc wizard (D:4)
  3 centaur skeletons
  An iguana (D:9)
  Terence (D:3)
  8 worker ants
  A hound zombie (D:6)
  42 gnolls
  12 adders
  2 river rats
  2 shadow imps
  2 oozes (Sewer)
  An adder skeleton (D:4)
  An adder zombie (D:9)
  5 worms
  A dart slug (D:1)
  3 leopard geckos
  17 orcs
  8 giant cockroaches
  8 goblins
  5 hobgoblins
  15 jackals
  6 quokkas
  3 ball pythons
  3 bats
  A frilled lizard (D:2)
  A jackal zombie (D:5)
  14 kobolds
  A leopard gecko zombie (D:6)
  11 rats
282 creatures vanquished.

Vanquished Creatures (collateral kills)
  The ghost of joejoepie the Skirmisher, an amateur DsAK of Lugonu (D:3)
  A phantom (D:4)
  An ogre (D:4)
  An orc wizard (D:4)
  3 adders (D:2)
  12 gnolls
  A worm (D:2)
  2 dart slugs (D:1)
  2 leopard geckos (D:1)
  3 giant cockroaches
  2 goblins
  5 hobgoblins
  13 jackals
  5 kobolds
  4 bats
  A frilled lizard (D:3)
  A jackal skeleton (D:4)
58 creatures vanquished.

Vanquished Creatures (others)
  16 fungi (D:8)
  5 plants (D:8)
  2 spectral weapons
23 creatures vanquished.

Grand Total: 363 creatures vanquished

Notes
Turn   | Place    | Note
-------+----------+-------------------------------------------
     0 | D:1      | Monsterracer the Gargoyle Summoner began the quest for the Orb.
     0 | D:1      | Reached XP level 1. HP: 10/10 MP: 3/3
   323 | D:1      | Reached XP level 2. HP: 16/16 MP: 0/5
   329 | D:1      | Reached skill level 1 in Fighting
   333 | D:1      | Learned a level 2 spell: Call Imp
   689 | D:1      | Reached skill level 1 in Maces & Flails
   758 | D:1      | Reached XP level 3. HP: 12/20 MP: 1/6
  1548 | D:2      | Reached skill level 2 in Maces & Flails
  1592 | D:2      | Learned a level 3 spell: Call Canine Familiar
  2183 | D:2      | Reached XP level 4. HP: 22/25 MP: 2/7
  2305 | D:2      | Found a shattered altar of Ashenzari.
  2367 | D:2      | Reached skill level 3 in Maces & Flails
  2835 | D:3      | Noticed joejoepie's ghost (amateur DsAK)
  3030 | D:3      | Killed joejoepie's ghost
  3030 | D:3      | Reached skill level 4 in Maces & Flails
  3030 | D:3      | Reached XP level 5. HP: 10/29 MP: 1/8
  3544 | D:3      | Noticed Terence
  3576 | D:3      | Killed Terence
  4050 | D:4      | Noticed a phantom
  4146 | D:4      | Reached skill level 5 in Maces & Flails
  4146 | D:4      | Reached XP level 6. HP: 21/35 MP: 2/9
  4424 | D:4      | Killed a phantom
  4804 | D:4      | Reached XP level 7. HP: 36/41 MP: 10/10
  4945 | D:4      | Reached skill level 6 in Maces & Flails
  5147 | D:4      | Reached skill level 1 in Armour
  6217 | D:4      | Reached XP level 8. HP: 47/48 MP: 11/11
  6238 | D:4      | Reached skill level 7 in Maces & Flails
  6363 | D:5      | Entered Level 5 of the Dungeon
  6424 | D:5      | Learned a level 1 spell: Apportation
  6632 | D:5      | Found a glowing drain.
  6703 | Sewer    | Entered a sewer
  7691 | D:5      | Reached skill level 5 in Fighting
  7691 | D:5      | Reached skill level 8 in Maces & Flails
  7707 | D:5      | Found a bloodstained altar of Trog.
  7707 | D:5      | Found a faded altar of an unknown god.
  7712 | D:5      | Found a glowing golden altar of the Shining One.
  7714 | D:5      | Found a sparkling altar of Nemelex Xobeh.
  7716 | D:5      | Found a basalt altar of Yredelemnul.
  7749 | D:5      | Noticed melvinkitnick's ghost (novice TeGl)
  8245 | D:5      | Killed melvinkitnick's ghost
  8245 | D:5      | Reached XP level 9. HP: 28/54 MP: 12/12
  8515 | D:5      | Found a staircase to the Ecumenical Temple.
  8524 | Temple   | Entered the Ecumenical Temple
  8616 | Temple   | Became a worshipper of Warmaster Okawaru
  8792 | D:6      | Noticed Edmund
  8795 | D:6      | Noticed Sigmund
  8845 | D:5      | Killed Edmund
  8874 | D:6      | Killed Sigmund
  8874 | D:6      | Reached skill level 9 in Maces & Flails
  9030 | D:6      | Reached skill level 1 in Invocations
  9253 | D:6      | Reached * piety under Okawaru
  9751 | D:7      | Reached XP level 10. HP: 61/61 MP: 13/13
 10404 | D:8      | Reached skill level 5 in Armour
 10501 | D:8      | Found a shadowy altar of Dithmenos.
 10746 | D:8      | Reached skill level 10 in Maces & Flails
 10754 | D:8      | Found a staircase to the Lair.
 10769 | D:8      | Reached skill level 5 in Dodging
 10771 | D:8      | Reached ** piety under Okawaru
 11331 | D:8      | Learned a level 2 spell: Shroud of Golubria
 11334 | D:8      | Learned a level 2 spell: Song of Slaying
 11338 | D:8      | Learned a level 3 spell: Spectral Weapon
 11357 | D:8      | Noticed a two-headed ogre
 11370 | D:8      | Killed a two-headed ogre
 11370 | D:8      | Reached *** piety under Okawaru
 12005 | D:9      | Got a pair of faintly humming gloves
 12011 | D:9      | Identified the +2 pair of gloves of the Sea {Stlth+} (You found it on level 9 of the Dungeon)
 12045 | D:9      | Noticed an eight-headed hydra
 12055 | D:9      | Killed an eight-headed hydra
 12055 | D:9      | Reached skill level 11 in Maces & Flails
 12055 | D:9      | Reached skill level 1 in Charms
 12055 | D:9      | Reached XP level 11. HP: 59/68 MP: 11/14
 12199 | D:9      | Reached **** piety under Okawaru
 12285 | D:9      | Found a glowing golden altar of the Shining One.
 12485 | D:9      | Learned a level 3 spell: Regeneration
 12741 | D:10     | Entered Level 10 of the Dungeon
 12919 | D:10     | Found Gejutoet's Book Boutique.
 12979 | D:10     | Noticed a two-headed ogre
 12988 | D:10     | Killed a two-headed ogre
 12997 | D:10     | Noticed a centaur warrior
 13003 | D:10     | Noticed a two-headed ogre
 13014 | D:10     | Killed a centaur warrior
 13019 | D:10     | Killed a two-headed ogre
 13019 | D:10     | Reached ***** piety under Okawaru
 13019 | D:10     | Reached skill level 5 in Invocations
 13951 | Lair:1   | Entered Level 1 of the Lair of Beasts
 14237 | Lair:1   | Noticed a six-headed hydra
 14247 | Lair:1   | Killed a six-headed hydra
 14398 | Lair:1   | Noticed a seven-headed hydra
 14405 | Lair:1   | Killed a seven-headed hydra
 14405 | Lair:1   | Received a gift from Okawaru
 14405 | Lair:1   | Reached skill level 12 in Maces & Flails
 14417 | Lair:1   | Reached XP level 12. HP: 61/75 MP: 10/16
 15271 | Lair:2   | Noticed Fannar
 15274 | Lair:2   | Found a hole to the Spider Nest.
 15299 | Lair:2   | Killed Fannar
 15488 | Lair:2   | Noticed a death yak
 15562 | Lair:2   | Mangled by a death yak

Skill      XL: |  1  2  3  4  5  6  7  8  9 10 11 12 |
---------------+-------------------------------------+-----
Fighting       | 1 2 3 4 5 6 7 8 |  8.9
Dodging        | 2 4 5 6 |  6.7
Maces & Flails | 1 2 4 5 6 8 9 11 12 | 12.5
Armour         | 1 4 6 7 8 |  8.1
Invocations    | 2 4 5 6 |  6.1
Charms         | 1 3 4 |  4.0
Stealth        | |  2.1
Spellcasting   | |  2.0
Summonings     | |  3.6

Action                   |  1- 3 |  4- 6 |  7- 9 | 10-12 || total
-------------------------+-------+-------+-------+-------++-------
Melee: Unarmed           |    57 |       |       |       ||    57
       Club              |   111 |   171 |       |       ||   282
       Whip              |       |    39 |   503 |       ||   542
       Dire flail        |       |       |    84 |   591 ||   675
Throw: Throwing net      |       |       |       |     1 ||     1
 Cast: Summon Small Mamm |    25 |     1 |       |       ||    26
       Call Imp          |    21 |    29 |     7 |       ||    57
       Call Canine Famil |       |     5 |    15 |       ||    20
       Spectral Weapon   |       |       |       |     5 ||     5
       Song of Slaying   |       |       |       |     3 ||     3
       Shroud of Golubri |       |       |       |     3 ||     3
Invok: Heroism           |       |       |       |    19 ||    19
  Use: Potion            |     4 |     2 |     5 |     1 ||    12
       Scroll            |     1 |     5 |     5 |     6 ||    17
 Stab: Distracted        |     2 |     5 |     2 |     2 ||    11
       Sleeping          |     1 |     3 |     1 |     6 ||    11
  Eat: Chunk             |     6 |    11 |    14 |    19 ||    50
       Meat ration       |       |       |     1 |       ||     1
       Fruit             |       |       |       |     1 ||     1
Armor: Robe              |    92 |    23 |       |       ||   115
       Leather armour    |       |    79 |    77 |   139 ||   295
       Skin              |       |     2 |       |       ||     2
       Plate armour      |       |       |   235 |    29 ||   264
       Scale mail        |       |       |       |   142 ||   142
       Ring mail         |       |       |       |    81 ||    81
Dodge: Dodged            |   178 |   154 |   176 |   438 ||   946
